 Dungeon Sprint DCSS version 0.23-a0-171-g5ae17c6 (webtiles) character file.

41099 Fang the Executioner (level 14, -6/165 HPs)
             Began as a Gargoyle Berserker on Sept 13, 2018.
             Was the Champion of Trog.
             Mangled by an acid blob (20 damage)
             ... in the Dungeon (Sprint V: "Ziggurat Sprint") on Sept 14, 2018.
             The game lasted 00:17:31 (2663 turns).

Fang the Executioner (Gargoyle Berserker)           Turns: 2663, Time: 00:17:32

Health: -6/165     AC: 25    Str: 41    XL:     14   Next: 13%
Magic:  14/14      EV: 15    Int: 13    God:    Trog [******]
Gold:   0          SH:  0    Dex: 14    Spells: 13/13 levels left

rFire    + . .     SeeInvis .   M - +8 battleaxe "Amidi" {elec, Fragile rN+ Int+2 Stlth+}
rCold    x . .     Gourm    .   (shield currently unavailable)
rNeg     + + .     Faith    .   X - +2 chain mail of Omission {rElec Int+2 Dex+3}
rPois    ∞         Spirit   .   (no helmet)
rElec    +         Reflect  .   (no cloak)
rCorr    .         Harm     .   j - +2 pair of gloves {Str+3}
MR       +....     NoTele   +   C - +2 pair of boots {run}
Stlth    ..........             (no amulet)
HPRegen  0.37/turn              D - +6 ring of strength
MPRegen  0.14/turn              B - ring of Arrival {Fire +Fly rElec rPois Str+2}

@: berserking (expiring), corroded, studying 3 skills, very quick
A: big wings, agile 1, negative energy resistance 1, electricity resistance,
unbreathing, petrification resistance, rot immunity, AC +10
a: Fly, Berserk, Trog's Hand, Brothers in Arms, Renounce Religion, Evoke Flight


You were in the Dungeon.
You worshipped Trog.
Trog was exalted by your worship.
You were hungry.

You visited 1 branch

Inventory:

Hand Weapons
 k - a +8 executioner's axe of venom
 t - a +5 antimagic broad axe
 G - the +8 hand axe of Exchange {pain, rElec Int+2}
   (You found it in the Dungeon)

   In the hands of one skilled in necromantic magic, it inflicts extra damage on
   living creatures.
   It affects your intelligence (+2).
   It insulates you from electricity.
 K - the +5 battleaxe of Beogh's Esteem {freeze, rC+ Int+4 Dex+6}
   (You found it in the Dungeon)

   It has been specially enchanted to freeze those struck by it, causing extra
   injury to most foes and up to half again as much damage against particularly
   susceptible opponents.
   It can also slow down cold-blooded creatures.
   It affects your intelligence (+4).
   It affects your dexterity (+6).
   It protects you from cold.
 L - a +4 battleaxe of freezing
 M - the +8 battleaxe "Amidi" (weapon) {elec, Fragile rN+ Int+2 Stlth+}
   (You found it in the Dungeon)

   Occasionally, upon striking a foe, it will discharge some electrical energy
   and cause terrible harm.
   It affects your intelligence (+2).
   It protects you from negative energy.
   It will be destroyed if unequipped.
   It makes you more stealthy.
 Q - a +3 vampiric hand axe
 S - a +2 hand axe of flaming
 V - a +8 executioner's axe of flaming
 W - a +3 antimagic hand axe
 Y - a +1 vampiric battleaxe
Missiles
 a - 6 tomahawks of returning (quivered)
Armour
 j - a +2 pair of gloves of strength (worn)
 C - a +2 pair of boots of running (worn)
 E - a +3 leather armour of fire resistance
 P - a +3 chain mail of cold resistance
 X - the +2 chain mail of Omission (worn) {rElec Int+2 Dex+3}
   (You found it in the Dungeon)

   It affects your intelligence (+2).
   It affects your dexterity (+3).
   It insulates you from electricity.
Jewellery
 n - the ring "Itoppece" {rPois rN+ Dex+2 SInv}
   (You found it in the Dungeon)

   [ring of positive energy]

   It affects your dexterity (+2).
   It protects you from poison.
   It protects you from negative energy.
   It lets you see invisible.
 B - the ring of Arrival (right hand) {Fire +Fly rElec rPois Str+2}
   (You found it in the Dungeon)

   [ring of fire]

   It enhances your fire magic.
   It affects your strength (+2).
   It protects you from fire.
   It makes you vulnerable to cold.
   It insulates you from electricity.
   It protects you from poison.
   It lets you fly.
 D - a +6 ring of strength (left hand)
 Z - the ring of the Scavenger {Str+4 Dex+2 SInv}
   (You took it off a crimson imp in the Dungeon)

   [ring of strength]

   It affects your strength (+4).
   It affects your dexterity (+2).
   It lets you see invisible.
Wands
 w - a wand of disintegration (7)
 x - a wand of iceblast (7)
 y - a wand of acid (7)
Scrolls
 h - 2 scrolls of brand weapon
 i - 4 scrolls of blinking
 l - 7 scrolls of fog
 m - a scroll of holy word
 o - 5 scrolls of remove curse
 p - 2 scrolls of fear
Potions
 d - 10 potions of curing
 e - 9 potions of heal wounds
 f - 6 potions of haste
 g - 7 potions of magic
 q - 2 potions of brilliance
 r - 2 potions of invisibility
 s - 4 potions of resistance
 u - 5 potions of agility
 v - 6 potions of might
Books
 I - a manual of Throwing
 N - a manual of Dodging
 R - a manual of Shields
Miscellaneous
 b - a sack of spiders
 z - a phial of floods
 A - a lamp of fire
 H - a lamp of fire
 J - a phial of floods
 O - 3 boxes of beasts
 T - a phial of floods
 U - a phial of floods
Comestibles
 c - 4 rations
 F - a chunk of flesh


   Skills:
 + Level 21.1 Fighting
 + Level 22.9 Axes
 + Level 15.7 Armour
 + Level 9.0 Dodging
 + Level 8.6 Stealth


You had 13 spell levels left.
You didn't know any spells.
Your spell library was empty.

Dungeon Overview and Level Annotations

Branches:
Dungeon (1/1)

Altars:
Ashenzari
Cheibriados
Dithmenos
Elyvilon
Fedhas
Gozag
Hepliaklqana
Kikubaaqudgha
Makhleb
Nemelex Xobeh
Okawaru
Qazlal
Ru
Sif Muna
Trog
Uskayaw
Vehumet
Wu Jian
Xom
Yredelemnul
Zin
The Shining One
Beogh
Jiyva
Lugonu

Annotations:
D 1 transporter


Innate Abilities, Weirdness & Mutations

You are resistant to torment.
Your stone body is resilient. (AC +10)
You are immune to poison.
Your large and strong wings let you fly indefinitely.
You resist negative energy. (rN+)
You are resistant to electric shocks. (rElec)
You can survive without breathing.
You are immune to petrification.
You are immune to rotting.
You are agile. (Dex +2)


Message History

You kill the floating eye!
Trog accepts your kill.
The azure jelly hits you but does no damage. x4
The slime creature hits you but does no damage.
The jelly jiggles.
You completely miss the azure jelly.
The azure jelly is almost dead.
You slash the acid blob! The acid corrodes you!
Your hands burn!
* * * LOW HITPOINT WARNING * * *
You slice the slime creature!!
You kill the slime creature!
Trog accepts your kill. Something appears at your feet!
Trog grants you a weapon!
You slash the jelly!
You feel the power of Trog in you as your rage grows.
You kill the jelly!
Trog accepts your kill.
A large slime creature splits.
The acid blob hits you!!
You die...

▓▓▓▓▓▓▓▓▓▓▓▓▓▓▓.........
▓.....8©8.....▓.........
▓.}[)|})[|}[[.▓.........
▓..)):)![[=|..▓.........
▓.............▓..▓.....▓
▓....G..G.....▓.▓▓▓...▓▓
▓....JGJJJ....▓..▓.....▓
▓....JJ.......▓.....©...
▓....GJ@......▓▓▓▓▓▓▓▓▓▓
▓..▓.......▓..▓...8©8...
▓ ▓▓.....▓▓ ▓....[....
▓..▓.......▓..▓...[[}...
▓.............▓.........
▓......©......▓.........
▓▓▓▓▓▓▓▓▓▓▓▓▓▓▓..)......
▓...)..... ▓..▓)..▓..


You could see an acid blob, an azure jelly, a great orb of eyes, 3 slime
creatures, 3 eyes of devastation, a jelly and an ooze.

Vanquished Creatures
  Gastronok (D)
  Donald (D)
  4 very ugly things (D)
  Nessos (D)
  A mummy priest (D)
  Erolcha (D)
  A great orb of eyes (D)
  Erica (D)
  2 two-headed ogres (D)
  An orc high priest (D)
  2 thrashing horrors (D)
  A sea snake (shapeshifter) (D)
  An unseen horror (D)
  An orc knight (D)
  A harpy (shapeshifter) (D)
  A necromancer (D)
  An ugly thing (D)
  2 shining eyes (D)
  A meliai (shapeshifter) (D)
  An ancient zyme (D)
  A troll (D)
  A blink frog (D)
  A hornet (shapeshifter) (D)
  A raiju (D)
  A slime creature (D)
  A spriggan (D)
  A large abomination (D)
  2 basilisks (shapeshifter) (D)
  3 neqoxecs (D)
  A naga (shapeshifter) (D)
  Menkaure (D)
  3 insubstantial wisps (D)
  3 floating eyes (D)
  A hell hound (D)
  2 water moccasins (D)
  A porcupine (D)
  3 phantoms (D)
  An eye of draining (D)
  5 orc warriors (D)
  A necrophage (D)
  3 ogres (D)
  A wolf (D)
  5 crocodiles (D)
  A small abomination (D)
  A bullfrog (D)
  3 wights (D)
  2 crimson imps (D)
  13 starcursed masses (D)
  3 quasits (D)
  2 iron imps (D)
  2 orc priests (D)
  5 orc wizards (D)
  7 jellies (D)
  Terence (D)
  A mummy (D)
  2 white imps (D)
  4 adder skeletons (D)
  4 orcs (D)
  A bat skeleton (D)
  2 bat zombies (D)
  A giant cockroach zombie (D)
  A leopard gecko zombie (D)
  A quokka zombie (D)
126 creatures vanquished.

Vanquished Creatures (collateral kills)
  An ancient lich (D)
  A greater mummy (D)
  Frances (D)
  Agnes (D)
  Aizul (D)
  A death ooze (D)
  A great orb of eyes (D)
  2 two-headed ogres (D)
  3 vampire magi (D)
  A necromancer (D)
  An orc knight (D)
  An orc sorcerer (D)
  A shining eye (D)
  Maurice (D)
  A guardian mummy (D)
  A raiju (D)
  A troll (D)
  Grinder (D)
  3 slime creatures (D)
  A vampire (D)
  A golden eye (D)
  A floating eye (D)
  Duvessa (D)
  An orc warrior (D)
  A starcursed mass (D)
  3 jellies (D)
  2 mummies (D)
  2 oozes (D)
  An adder skeleton (D)
38 creatures vanquished.

Vanquished Creatures (others)
  2 starcursed masses (D)
  An orc wizard (D)
  An adder zombie (D)
  A lurking horror (D)
5 creatures vanquished.

Grand Total: 169 creatures vanquished

Notes
Turn   | Place    | Note
-------+----------+-------------------------------------------
     0 | D        | Found the +6 Majin-Bo {vamp, Archmagi MP+6 Int+6}
     0 | D        | Found the +7 great mace "Firestarter" {inner flame, rF++}
     0 | D        | Fang the Gargoyle Berserker began the quest for the Orb.
     0 | D        | Reached XP level 1. HP: 14/14 MP: 1/1
     3 | D        | Found a blossoming altar of Fedhas.
     4 | D        | Found a viscous altar of Jiyva.
     4 | D        | Found a hazy altar of Hepliaklqana.
     4 | D        | Found a transporter.
     4 | D        | Found an opulent altar of Gozag.
     4 | D        | Found an ancient bone altar of Kikubaaqudgha.
     4 | D        | Found a corrupted altar of Lugonu.
    10 | D        | Found a burning altar of Makhleb.
    11 | D        | Found a sacrificial altar of Ru.
    11 | D        | Found a stormy altar of Qazlal.
    11 | D        | Found a deep blue altar of Sif Muna.
    11 | D        | Found an iron altar of Okawaru.
    11 | D        | Found a bloodstained altar of Trog.
    11 | D        | Found a sparkling altar of Nemelex Xobeh.
    74 | D        | Entered arena 2.
    74 | D        | Noticed a spriggan
    74 | D        | Noticed a wolf
    74 | D        | Found a transporter.
    76 | D        | Killed a wolf
    76 | D        | Reached skill level 5 in Axes
    76 | D        | Reached XP level 2. HP: 23/23 MP: 2/2
    76 | D        | Reached XP level 3. HP: 28/28 MP: 3/3
    76 | D        | Reached XP level 4. HP: 32/32 MP: 4/4
    86 | D        | Killed a spriggan
    86 | D        | Reached skill level 7 in Axes
    86 | D        | Reached skill level 5 in Armour
    86 | D        | Reached XP level 5. HP: 24/40 MP: 5/5
    86 | D        | Reached XP level 6. HP: 27/45 MP: 6/6
   195 | D        | Entered arena 3.
   195 | D        | Noticed an insubstantial wisp
   195 | D        | Noticed an insubstantial wisp
   195 | D        | Noticed an insubstantial wisp
   195 | D        | Found a transporter.
   198 | D        | Killed an insubstantial wisp
   198 | D        | Reached ** piety under Trog
   198 | D        | Reached skill level 8 in Axes
   202 | D        | Killed an insubstantial wisp
   202 | D        | Reached skill level 10 in Fighting
   202 | D        | Reached skill level 9 in Axes
   202 | D        | Reached XP level 7. HP: 52/52 MP: 7/7
   209 | D        | Killed an insubstantial wisp
   241 | D        | Entered arena 4.
   241 | D        | Noticed a two-headed ogre
   241 | D        | Noticed a two-headed ogre
   241 | D        | Found a transporter.
   247 | D        | Reached *** piety under Trog
   247 | D        | Reached skill level 10 in Axes
   249 | D        | HP: 1/79 [two-headed ogre/giant spiked club (7)]
   250 | D        | Killed a two-headed ogre
   250 | D        | Reached skill level 11 in Axes
   250 | D        | Reached skill level 5 in Dodging
   250 | D        | Reached XP level 8. HP: 2/60 MP: 8/8
   251 | D        | Killed a two-headed ogre
   251 | D        | Reached skill level 12 in Axes
   251 | D        | Reached XP level 9. HP: 1/66 MP: 9/9
   546 | D        | Entered arena 5.
   546 | D        | Found a transporter.
   547 | D        | Found the +5 demon whip "Spellbinder" {antimagic, MR+}
   548 | D        | Reached **** piety under Trog
   549 | D        | Received a gift from Trog
   664 | D        | Entered arena 6.
   664 | D        | Found a transporter.
   668 | D        | Reached ***** piety under Trog
   670 | D        | Received a gift from Trog
   671 | D        | Reached skill level 13 in Axes
   671 | D        | Reached skill level 10 in Armour
   686 | D        | Got the ring of Arrival {Fire +Fly rElec rPois Str+2}
   694 | D        | Identified a +0 pair of boots of running (You found it in
                  | the Dungeon)
   702 | D        | Entered arena 7.
   702 | D        | Noticed a greater mummy
   702 | D        | Noticed a mummy priest
   702 | D        | Noticed a guardian mummy
   704 | D        | Reached XP level 10. HP: 73/73 MP: 10/10
   706 | D        | Found a transporter.
   715 | D        | Killed a mummy priest
   715 | D        | Reached skill level 14 in Axes
   717 | D        | Killed a greater mummy
   717 | D        | Reached skill level 16 in Axes
   717 | D        | Reached XP level 11. HP: 57/80 MP: 11/11
   895 | D        | Entered arena 8.
   896 | D        | Found a transporter.
   903 | D        | Received a gift from Trog
   919 | D        | Got the +0 robe of Apathy {Dex+3}
   937 | D        | Entered arena 9.
   937 | D        | Noticed a shining eye
   940 | D        | Found a transporter.
   940 | D        | Paralysed by a floating eye for 4 turns
   947 | D        | Killed a shining eye
   947 | D        | Reached skill level 17 in Axes
   949 | D        | Received a gift from Trog
  1010 | D        | Entered arena 10.
  1011 | D        | Found a transporter.
  1029 | D        | Got the +8 battleaxe "Amidi" {elec, Fragile rN+ Int+2
                  | Stlth+}
  1137 | D        | Entered arena 11.
  1138 | D        | Found a transporter.
  1141 | D        | Reached ****** piety under Trog
  1150 | D        | Received a gift from Trog
  1172 | D        | Entered arena 12.
  1174 | D        | Found a transporter.
  1175 | D        | Reached skill level 18 in Axes
  1177 | D        | Reached skill level 15 in Fighting
  1178 | D        | Received a gift from Trog
  1224 | D        | Entered arena 13.
  1224 | D        | Noticed a vampire mage
  1224 | D        | Noticed a vampire mage
  1224 | D        | Noticed a necromancer
  1224 | D        | Noticed an ancient lich
  1224 | D        | Noticed a vampire mage
  1226 | D        | Noticed a necromancer
  1228 | D        | Noticed a blizzard demon
  1230 | D        | Noticed a flayed ghost
  1234 | D        | Killed a vampire mage
  1234 | D        | Reached skill level 5 in Stealth
  1235 | D        | Noticed a blizzard demon
  1236 | D        | Killed a necromancer
  1236 | D        | Received a gift from Trog
  1238 | D        | Killed a vampire mage
  1238 | D        | Reached skill level 19 in Axes
  1240 | D        | Killed an ancient lich
  1240 | D        | Reached skill level 20 in Axes
  1240 | D        | Reached XP level 12. HP: 31/89 MP: 12/12
  1245 | D        | Killed a vampire mage
  1245 | D        | Received a gift from Trog
  1253 | D        | Found a transporter.
  1459 | D        | Entered arena 14.
  1461 | D        | Noticed a great orb of eyes
  1461 | D        | Noticed a death ooze
  1463 | D        | Found a transporter.
  1464 | D        | Gained mutation: You are agile. (Dex +2) [a shining eye]
  1467 | D        | Killed a death ooze
  1481 | D        | Killed a great orb of eyes
  1486 | D        | Received a gift from Trog
  1601 | D        | Entered arena 15.
  1602 | D        | Noticed a two-headed ogre
  1602 | D        | Noticed a two-headed ogre
  1603 | D        | Noticed an orc high priest
  1604 | D        | Noticed a sun demon
  1607 | D        | Found a transporter.
  1608 | D        | Killed a two-headed ogre
  1614 | D        | Reached skill level 21 in Axes
  1614 | D        | Killed a two-headed ogre
  1614 | D        | Received a gift from Trog
  1615 | D        | Killed an orc high priest
  2043 | D        | Entered arena 16.
  2044 | D        | Noticed Menkaure
  2044 | D        | Noticed Maurice
  2044 | D        | Noticed Terence
  2044 | D        | Noticed Grinder
  2044 | D        | Noticed Duvessa
  2044 | D        | Noticed Gastronok
  2044 | D        | Noticed Nessos
  2045 | D        | Noticed Agnes
  2045 | D        | Noticed Erica
  2045 | D        | Noticed Donald
  2045 | D        | Noticed Frances
  2045 | D        | Noticed Erolcha
  2045 | D        | Noticed Aizul
  2050 | D        | Killed Maurice
  2054 | D        | Killed Terence
  2054 | D        | Killed Agnes
  2054 | D        | Received a gift from Trog
  2055 | D        | Killed Menkaure
  2055 | D        | Reached XP level 13. HP: 60/97 MP: 13/13
  2055 | D        | Killed Aizul
  2056 | D        | Found a transporter.
  2057 | D        | Killed Donald
  2058 | D        | Killed Erica
  2058 | D        | Received a gift from Trog
  2058 | D        | Killed Duvessa
  2059 | D        | Killed Frances
  2063 | D        | Killed Nessos
  2064 | D        | Killed Erolcha
  2064 | D        | Received a gift from Trog
  2064 | D        | Killed Grinder
  2065 | D        | Killed Gastronok
  2065 | D        | Reached skill level 22 in Axes
  2385 | D        | Entered arena 17.
  2388 | D        | Noticed a green very ugly thing
  2388 | D        | Noticed a green very ugly thing
  2389 | D        | Noticed a purple very ugly thing
  2389 | D        | Noticed a white very ugly thing
  2393 | D        | Found a transporter.
  2400 | D        | Killed a green very ugly thing
  2401 | D        | Received a gift from Trog
  2405 | D        | Killed a cyan very ugly thing
  2406 | D        | Killed a white very ugly thing
  2409 | D        | Reached skill level 15 in Armour
  2414 | D        | Received a gift from Trog
  2417 | D        | Killed a cyan very ugly thing
  2433 | D        | Got the ring "Itoppece" {rPois rN+ Dex+2 SInv}
  2442 | D        | Got the +2 chain mail of Omission {rElec Int+2 Dex+3}
  2487 | D        | Entered arena 18.
  2490 | D        | Noticed a starcursed mass
  2490 | D        | Noticed a starcursed mass
  2498 | D        | Received a gift from Trog
  2499 | D        | Gained mutation: Your large and strong wings let you fly
                  | indefinitely. [Gargoyle growth]
  2499 | D        | Reached XP level 14. HP: 108/108 MP: 14/14
  2502 | D        | Found a transporter.
  2504 | D        | Received a gift from Trog
  2507 | D        | Received a gift from Trog
  2520 | D        | Received a gift from Trog
  2523 | D        | Got the ring of the Scavenger {Str+4 Dex+2 SInv}
  2557 | D        | Got the +8 hand axe of Exchange {pain, rElec Int+2}
  2566 | D        | Got the +5 battleaxe of Beogh's Esteem {freeze, rC+ Int+4
                  | Dex+6}
  2646 | D        | Entered arena 19.
  2649 | D        | Noticed an acid blob
  2650 | D        | Noticed an azure jelly
  2653 | D        | Found a transporter.
  2654 | D        | Paralysed by a great orb of eyes for 5 turns
  2663 | D        | Received a gift from Trog
  2663 | D        | Mangled by an acid blob

Vault maps used:
D:        sprint_v

Skill      XL: |  1  2  3  4  5  6  7  8  9 10 11 12 13 14 |
---------------+-------------------------------------------+-----
Fighting       | 6 8 10 11 12 13 14 16 17 20 21 | 21.1
Axes           | 5 7 9 11 12 13 16 20 21 22 | 22.9
Armour         | 3 5 6 8 9 10 11 12 15 | 15.7
Dodging        | 2 3 4 5 6 7 9 |  9.0
Stealth        | 4 6 7 8 |  8.6

Action                   |  1- 3 |  4- 6 |  7- 9 | 10-12 | 13-15 || total
-------------------------+-------+-------+-------+-------+-------++-------
Melee: Executioner's axe |     1 |    15 |    29 |    16 |       ||    61
       Battleaxe         |       |       |       |    83 |    61 ||   144
Invok: Berserk           |     1 |     1 |     1 |     5 |     3 ||    11
       Brothers in Arms  |       |       |     1 |     7 |     2 ||    10
  Use: Potion            |       |       |     1 |     1 |       ||     2
       Scroll            |       |       |       |     6 |    10 ||    16
 Stab: Sleeping          |       |       |       |     1 |       ||     1
  Eat: Chunk             |       |       |     1 |     1 |     3 ||     5
       Ration            |       |       |       |     3 |     1 ||     4
Armor: Shadow dragon sca |       |     5 |    29 |    62 |    12 ||   108
       Chain mail        |       |       |       |       |    26 ||    26
Dodge: Dodged            |       |     6 |    29 |    75 |    25 ||   135

Table legend:
 A = Non-vault XP
 B = Vault XP
 C = Vault XP percentage of total XP
 D = Non-vault monster count
 E = Vault monster count
 F = Vault count percentage of total count
                 A         B        C        D         E       F
            +---------+---------+-------+---------+---------+-------
      Total |    1229 |   54057 |  97.8 |      12 |     153 |  92.7
            +---------+---------+-------+---------+---------+-------
          D |    1229 |   54057 |  97.8 |      12 |     153 |  92.7
            +---------+---------+-------+---------+---------+-------
